 Dungeon Crawl Stone Soup version 0.28.0-53-g5a82cb258f (webtiles) character file.

Game seed: 6612887727240785100

207 Tirrikindir the Conjurer (level 5, -2/33 HPs)
             Began as an Octopode Conjurer on Aug 22, 2022.
             Was an Initiate of Gozag.
             Slain by a kobold brigand
             ... wielding a +0 short sword of electrocution
              (9 damage)
             ... in a sewer.
             The game lasted 00:09:35 (3368 turns).

Tirrikindir the Conjurer (Octopode Conjurer)        Turns: 3368, Time: 00:09:36

Health: -2/33      AC:  1    Str:  6    XL:     5   Next: 85%
Magic:  4/9        EV: 11    Int: 21    God:    Gozag
Gold:   355        SH:  8    Dex: 12    Spells: 7/10 levels left

rFire   . . .      SeeInvis .   g - +2 dagger (drain)
rCold   . . .      Faith    .   f - +1 kite shield
rNeg    . . .      Spirit   .   (helmet restricted)
rPois   .          Reflect  .   (no amulet)
rElec   .          Harm     .   (no ring)
rCorr   .          Rampage  .   (no ring)
Will    .....                   (no ring)
Stlth   +++.......              (no ring)
HPRegen 0.11/turn               (no ring)
MPRegen 0.11/turn               (no ring)
                                (no ring)
                                (no ring)

@: slowed, very slow
A: almost no armour, amphibious, 8 rings, camouflage 1, gelatinous body 1,
(nimble swimmer 1), tentacles
a: Renounce Religion, Potion Petition, Call Merchant, Bribe Branch


You were in a sewer.
You worshipped Gozag.
Gozag was aware of your devotion.
You visited 1 branch of the dungeon, and saw 3 of its levels.
You also visited: Sewer.

You collected 430 gold pieces.
You paid 75 gold pieces to Gozag.

Inventory:

Hand Weapons
 g - a +2 dagger of draining (weapon)
Armour
 f - a +1 kite shield (worn)
Scrolls
 b - a scroll of amnesia
 e - a scroll of summoning {unknown}
Potions
 a - a potion of cancellation
 d - a potion of berserk rage {unknown}
 h - a potion of attraction {unknown}
 i - a potion of lignification {unknown}


   Skills:
 + Level 1.4 Fighting
 + Level 2.8 Dodging
 + Level 4.0 Stealth
 + Level 1.4 Shields
 * Level 3.2 Spellcasting
 * Level 4.8 Conjurations


You had 7 spell levels left.
You knew the following spells:

 Your Spells              Type           Power      Damage    Failure   Level
a - Magic Dart            Conj           92%        1d7       6%          1
b - Searing Ray           Conj           46%        2d6       9%          2

Your spell library contained the following spells:

 Spells                   Type           Power      Damage    Failure   Level
 Dazzling Flash           Conj/Hex       26%        N/A       43%         3
 Scorch                   Fire           6%         2d5       54%         2
 Flame Wave               Conj/Fire      13%        2d6       85%         4
 Fulminant Prism          Conj/Hex       6%         3d7       85%         4
 Iskenderun's Mystic Bla  Conj/Tloc      13%        2d5       85%         4
 Summon Cactus Giant      Summ           1%         N/A       100%        6


Dungeon Overview and Level Annotations

Branches:
Dungeon (3/15)              Sewer (1/1)

Altars:
Gozag
Hepliaklqana
Kikubaaqudgha
Sif Muna


Innate Abilities, Weirdness & Mutations

You cannot wear most types of armour.
You are amphibious.
You can wear up to eight rings at the same time.
Your skin changes colour to match your surroundings (Stealth+).
Your rubbery body absorbs attacks. (AC +1, EV +1)
((You are camouflaged when in or above water. (Stealth+)))
You have tentacles for arms and can constrict up to eight enemies at once.


Message History

The kobold brigand is lightly wounded.
The kobold brigand throws a curare-tipped dart.
The curare-tipped dart hits you.
You are poisoned.
You have difficulty breathing.
You feel yourself slow down.
The searing ray misses the kobold brigand.
The searing ray hits the kobold brigand.
The kobold brigand is lightly wounded.
You feel very sick.
The kobold brigand throws a curare-tipped dart.
You block the curare-tipped dart.
The searing ray hits the kobold brigand.
The kobold brigand is lightly wounded.
The searing ray hits the kobold brigand.
The kobold brigand is moderately wounded.
You finish channelling your searing ray.
You feel sick.
The kobold brigand throws a curare-tipped dart.
The curare-tipped dart closely misses you.
Okay, then.
You feel sick.
The kobold brigand hits you with a +0 short sword of electrocution. x2
It was a potion of heal wounds.
You feel much better.
You feel sick.
The kobold brigand completely misses you.
You closely miss the kobold brigand. Your grab misses the kobold brigand.
The kobold brigand is lightly wounded.
You feel sick.
You are no longer poisoned.
You block the kobold brigand's attack.
The kobold brigand hits you with a +0 short sword of electrocution!
You hit the kobold brigand. You drain the kobold brigand.
You grab the kobold brigand.
The kobold brigand is lightly wounded.
You constrict the kobold brigand, but do no damage.
The kobold brigand hits you with a +0 short sword of electrocution!
You are electrocuted!
* * * LOW HITPOINT WARNING * * *
The kobold brigand hits you with a +0 short sword of electrocution!
You die...
Your body crumbles into a pile of gold.

### ##.##
##...# #.!..
..!≈ .K# #K#
#@# #.#
##.## #
##...##
#####.
≈≈####.....#
≈≈≈≈≈≈
≈.≈≈≈≈.....#
#####≈
≈####≈..≈.#
# ##...##
#≈# ##≈##


You could see 2 kobold brigands.

Vanquished Creatures
  A kobold brigand (Sewer)
  6 adders
  A worm (D:3)
  2 dart slugs
  8 ball pythons
  4 bats
  8 endoplasms
  2 giant cockroaches
  8 goblins
  3 hobgoblins
  3 jackals (D:3)
  3 quokkas
  3 frilled lizards
  10 kobolds
  15 rats
77 creatures vanquished.

Vanquished Creatures (others)
  24 plants
24 creatures vanquished.

Grand Total: 101 creatures vanquished

Notes
Turn   | Place    | Note
-------+----------+-------------------------------------------
     0 | D:1      | Tirrikindir the Octopode Conjurer began the quest for the
                  | Orb.
     0 | D:1      | Reached XP level 1. HP: 11/11 MP: 3/3
   171 | D:1      | Reached XP level 2. HP: 9/17 MP: 5/5
   325 | D:1      | Found a faded altar of an unknown god.
   929 | D:1      | Learned a level 2 spell: Searing Ray
  1183 | D:1      | Reached XP level 3. HP: 22/22 MP: 6/6
  2045 | D:2      | Reached XP level 4. HP: 15/27 MP: 5/7
  2546 | D:3      | Found an ancient bone altar of Kikubaaqudgha.
  2554 | D:3      | Reached skill level 1 in Fighting
  2554 | D:3      | Reached skill level 1 in Shields
  2554 | D:3      | Found a shimmering blue altar of Sif Muna.
  2559 | D:3      | Found an opulent altar of Gozag.
  2564 | D:3      | Became a worshipper of Gozag Ym Sagoz the Greedy
  2722 | D:3      | Found a hazy altar of Hepliaklqana.
  2820 | D:3      | Found a glowing drain.
  2824 | Sewer    | Entered a sewer
  3030 | Sewer    | Reached XP level 5. HP: 33/33 MP: 9/9
  3033 | Sewer    | Noticed a kobold brigand
  3045 | Sewer    | Killed a kobold brigand
  3355 | Sewer    | Noticed a kobold brigand
  3356 | Sewer    | Noticed a kobold brigand
  3368 | Sewer    | Slain by a kobold brigand

Illustrated notes

Levels and vault maps discovered:
D:1:      sevenhm_arrival_forest_fort_large_4, layout_loops_ring,
          hellmonk_ecumenical_altar_crossroads, minmay_surrounded
D:2:      layout_loops_cross, minmay_rat_gold_closets
D:3:      layout_loops_ring, minitemple, mainiacjoe_overflow_brackets,
          serial_bayou, serial_bayou_lake_a, serial_bayou_pond_c,
          serial_bayou_ford_a, serial_bayou_crossing, gup_sewer_entry_spiral
Sewer:    sewer_co_15_rooms

Skill      XL: |  1  2  3  4  5 |
---------------+----------------+-----
Stealth        | 3 4 |  4.0
Fighting       | 1 |  1.4
Shields        | 1 |  1.4
Spellcasting   | 3 |  3.2
Dodging        | |  2.8
Conjurations   | |  4.8

Action                   |  1- 3 |  4- 6 || total
-------------------------+-------+-------++-------
Melee: Dagger            |    67 |    67 ||   134
       Constrict         |    18 |    19 ||    37
       Unarmed           |     4 |       ||     4
       Tentacles         |    12 |    11 ||    23
       Punch             |     2 |       ||     2
 Cast: Magic Dart        |    10 |     9 ||    19
       Searing Ray       |     3 |     5 ||     8
  Use: Scroll            |     4 |     1 ||     5
       Potion            |       |     1 ||     1
 Stab: Sleeping          |     9 |    13 ||    22
Armor: Skin              |     8 |     3 ||    11
Dodge: Dodged            |    26 |    20 ||    46
Block: Kite shield       |    12 |    16 ||    28
